Unix NetHack Version 5.0.0-0 post-release - last build Jul 19 2026 19:10:59 (3aa4ab31751d3886436d94b585a96704892fd477,branch:main).

Game began 2026-07-27 23:00:58, ended 2026-07-29 17:51:15.

Barrb, neutral female human Barbarian

                              --------------------
                              |...>..........).-.|
                            ---....------------|%|
                            |....-[|---|....@@.+.|
                            |.--...|.g.|.......|--
                            |.d....`..d|....%..|
                            |....-.--`-|...<...|
                            |.-....|`..|.......|
                            |...-......|.......|
                            |.-...-`.|.|.......|
                            |........|----------
                            ---.|....|
                              --------

Barrb the Brigand          St:18/11 Dx:15 Co:16 In:10 Wi:10 Ch:7  Neutral
Dlvl:6 $:43 HP:0(109) Pw:24(24) AC:-1 Xp:11 Hungry Burdened Blind Deaf T:18722

Latest messages:
 You hear some noises.
 A floating eye suddenly appears!
 You hear a distant zap.
 You stop searching.
 You try to feel what is lying here on the floor.
 You try to feel what is lying here on the floor.
 There are many objects here.
 You try to feel what is lying here on the floor.
 You feel here 27 rocks.
 You hear some noises in the distance.
 You fall down the stairs.
 It engulfs you!
 You stop searching.
 You get expelled!
 You smite it.
 It hits!
 It hits!
 You smite it.
 It engulfs you!
 You smite the dust vortex.
 You destroy the dust vortex!
 It hits!
 You stop searching.
 You smite it.
 You smite it.
 It just misses!
 You smite it.
 It hits!
 You smite it.
 It misses!
 You destroy it!
 You try to feel what is lying here on the floor.
 In what direction? 6
 The door resists!
 In what direction? 6
 The door resists!
 In what direction? 6
 The door closes.
 You are beginning to feel hungry.
 You stop searching.
 What do you want to eat? [dBOT or ?*] d
 Blecch!  Rotten food!
 The world spins and you slap against the floor.
 The Elvenking hits!
 The Elvenking hits again!
 The Elvenking hits!
 The Elvenking hits again!
 The Elvenking hits!
 You die...
 Do you want your possessions identified? [ynq] (y) q

Inventory:
 Coins    ('$')
  $ - 43 gold pieces
 Weapons  (')')
  k - 24 +0 darts (at the ready)
  a - a +0 battle-axe (alternate weapon; not wielded)
  b - a +0 short sword (weapon in right hand)
 Armor    ('[')
  G - an uncursed +0 dwarvish iron helm (being worn)
  M - an uncursed +0 pair of gauntlets of dexterity (being worn)
  U - an uncursed +0 pair of iron shoes (being worn)
  J - an uncursed +0 dwarvish cloak (being worn)
  I - an uncursed +0 dwarvish mithril-coat (being worn)
 Comestibles  ('%')
  d - 2 uncursed food rations
  H - an uncursed partly eaten food ration
  O - 4 uncursed tripe rations
  B - 2 uncursed female lizard corpses
  T - an uncursed male lizard corpse
 Scrolls  ('?')
  r - a cursed scroll of amnesia
  Z - an uncursed scroll of confuse monster
  E - an uncursed scroll of enchant armor
  X - an uncursed scroll of gold detection
  Y - an uncursed scroll of remove curse
  N - an uncursed scroll of stinking cloud
 Potions  ('!')
  D - 2 uncursed potions of object detection
 Rings    ('=')
  p - an uncursed ring of see invisible
  F - an uncursed ring of warning (on right hand)
 Wands    ('/')
  u - a wand of create monster (0:10)
  q - a wand of light (0:14)
  m - a wand of light (0:12)
  K - a wand of magic missile (0:6)
  A - a wand of magic missile (0:3)
  o - a wand of opening (0:7)
  L - a wand of slow monster (0:4)
  f - a wand of speed monster (0:3)
  t - a wand of striking (0:2)
  z - a wand of teleportation (0:5)
  R - a wand of teleportation named tele (0:3)
 Tools    ('(')
  y - an uncursed bag of holding containing 10 items
  C - an uncursed sack containing 24 items
  s - a frost horn (0:3)
  j - a cursed lock pick
  w - an uncursed magic whistle
  n - a +0 pick-axe
  W - an uncursed towel (being worn)
  l - a +0 unicorn horn
 Gems/Stones  ('*')
  V - an uncursed amethyst stone
  v - 2 uncursed jasper stones
  i - an uncursed luckstone

Contents of the bag of holding:
  a blessed amulet of magical breathing
  2 uncursed cream pies
  5 uncursed scrolls of blank paper
  an uncursed scroll of charging
  an uncursed scroll of create monster
  an uncursed scroll of food detection
  a blessed potion of booze
  an uncursed potion of object detection
  an uncursed potion of water
  a cursed tallow candle

Contents of the sack:
  2302 gold pieces
  an uncursed amulet of ESP
  an uncursed slime mold
  a cursed food ration
  2 uncursed tins of shrieker
  an uncursed tin of lizard meat
  2 uncursed scrolls of earth
  an uncursed scroll of food detection
  2 blessed scrolls of magic mapping
  an uncursed scroll of magic mapping
  a cursed scroll of magic mapping
  an uncursed potion of levitation
  an uncursed potion of sickness
  7 uncursed potions of water
  an uncursed magic lamp
  an uncursed magic lamp
  a cursed brass lantern
  a magic marker (0:62)
  2 uncursed tallow candles
  an uncursed turquoise stone
  an uncursed ruby
  an uncursed worthless piece of white glass
  an uncursed jet stone
  an uncursed opal

Barrb the Barbarian's attributes:

Background:
 You were a Brigand, a level 11 female human Barbarian.
 You were neutral, on a mission for Crom
 who was opposed by Mitra (lawful) and Set (chaotic).
 You were right-handed.
 You were in Sokoban, on level 6.
 You entered the dungeon 18722 turns ago.
 There was a full moon in effect when your adventure ended.
 You had 10144 experience points, 9856 more were needed to attain level 12.

Basics:
 You had 0 out of 109 hit points.
 You had all 24 energy points (spell power).
 Your armor class was -1.
 Your wallet contained 43 zorkmids, and
 you had 2302 more stashed away in your pack.
 Autopickup was off.

Final Characteristics:
 Your strength was 18/11 (peak:18/13, limit:18/100).
 Your dexterity was 15 (peak:17, limit:18).
 Your constitution was 16 (peak:18, limit:18).
 Your intelligence was 10 (limit:18).
 Your wisdom was 10 (limit:18).
 Your charisma was 7 (limit:18).

Final Status:
 You were deliberately blind.
 You were deaf.
 You were hungry.
 You were burdened; movement was slightly slowed.
 You were wielding a short sword.
 You were skilled in short sword and could have enhanced that.

Final Attributes:
 You were piously aligned.
 Your items were somewhat protected from fire.
 You were cold resistant.
 Your items were somewhat protected from cold.
 You were poison resistant.
 You were telepathic.
 You were warned.
 You were guarded.
 You were fast.
 You were lucky.
 You had extra luck.
 Bad luck did not time out for you.
 Good luck did not time out for you.
 You are dead (3rd time!).

Miscellaneous:
 You encountered 2 bones levels.
 Total elapsed playing time was 5 hours, 30 minutes and 25 seconds.

Major events:
 Turn
    1: Barrb the neutral female human Barbarian entered the dungeon
  411: entered the Gnomish Mines
  543: read a Discworld novel
  610: attained the rank of Pillager (level 3)
 3082: attained the rank of Bandit (level 6)
 5265: reached Mine Town
 8852: acquired the Mines' End luckstone
11998: attained the rank of Brigand (level 10)
12978: entered Sokoban
13332: completed 1st Sokoban level
14232: completed 2nd Sokoban level
14733: completed 3rd Sokoban level
14768: averted death (killed by a doppelganger imitating a yellow dragon)
17859: completed 4th Sokoban level
18053: averted death (killed by an earth elemental)
18722: killed by an Elvenking, while unconscious from rotten food

You didn't know any spells.

Skills:
 Fighting Skills
   bare handed combat [Basic]
   two weapon combat  [Unskilled]
   riding             [Unskilled]
 Weapon Skills
   dagger             [Unskilled]
   axe                [Expert]
   pick-axe           [Unskilled]
   short sword        [Skilled]
   broadsword         [Unskilled]
   long sword         [Unskilled]
   two-handed sword   [Unskilled]
   saber              [Unskilled]
   club               [Unskilled]
   mace               [Unskilled]
   morning star       [Unskilled]
   flail              [Unskilled]
   hammer             [Unskilled]
   quarterstaff       [Unskilled]
   spear              [Unskilled]
   trident            [Unskilled]
   bow                [Unskilled]
 Spellcasting Skills
   attack spells      [Unskilled]
   escape spells      [Unskilled]

Voluntary challenges:
 Character rerolling was not enabled.
 You never genocided any monsters.
 You never polymorphed an object.
 You never changed form.
 You used no wishes.
 You violated the special Sokoban rules thrice.
Achievements:
 You entered the Gnomish Mines.
 You entered a shop.
 You read from a Discworld novel.
 You attained the rank of Pillager.
 You attained the rank of Bandit.
 You entered Minetown.
 You entered a temple.
 You completed the Gnomish Mines.
 You attained the rank of Brigand.
 You entered Sokoban.

 The Dungeons of Doom: levels 1 to 9
    Level 1:
       An altar to Crom, a grave.
    Level 2:
       A scroll shop.
       Stairs down to The Gnomish Mines.
    Level 3:
    Level 4:
       Some shops, some fountains, a sink.
    Level 5:
       A food shop, a sink.
       Final resting place for
          pots164-Kni-Hum-Mal-Law, slipped while mounting a saddled pony.
    Level 6:
       A fountain.
    Level 7:
    Level 8:
    Level 9:
       Stairs up to Sokoban, level 8.
 The Gnomish Mines: levels 3 to 10
    Level 3:
    Level 4:
    Level 5:
    Level 6:
       Many shops, a temple and an altar, many fountains, a grave.
       Final resting place for
          atorox-Tou-Hum-Mal-Neu, killed by an Uruk-hai.
    Level 7:
    Level 8:
    Level 9:
    Level 10:
       A fountain.
 Sokoban: levels 8 up to 5
    Level 5:
       Solved.
    Level 6: <- You were here.
       Solved.
       Final resting place for
          you, killed by an Elvenking, while unconscious from rotten food.
    Level 7:
       Solved.
    Level 8:
       Solved.


Vanquished creatures:
  2 ghosts
  2 giant mimics
  a long worm
  a doppelganger
  2 large mimics
  a stalker
 an earth elemental
  a xorn
  7 wargs
  a small mimic
  2 glass piercers
  2 warhorses
  3 xans
  a troll
  2 wood golems
  2 pyrolisks
  2 large dogs
  2 tigers
  4 gargoyles
  3 tengu
 an ochre jelly
  a leocrotta
  a stone giant
  2 human mummies
  a python
  a pit viper
 an ettin zombie
  2 watchmen
  a chameleon
  4 quivering blobs
  5 cockatrices
  3 wolves
  5 winter wolf cubs
  a lynx
  a gremlin
 an iron piercer
  a giant spider
  3 scorpions
  a horse
 an ice vortex
  a black light
  2 gnome rulers
 an orc mummy
  a dwarf mummy
  a brown pudding
  3 owlbears
  2 yetis
  3 werewolves
  3 Green-elves
  8 lizards
  2 chickatrices
  a dingo
  3 dogs
  a housecat
  2 jaguars
  4 dwarf leaders
  3 blue jellies
  a white unicorn
  3 dust vortices
  a raven
  2 gnome mummies
  a snake
  2 human zombies
  2 Woodland-elves
  2 soldier ants
  a fire ant
  3 bugbears
  4 imps
  2 wood nymphs
  a water nymph
  a mountain nymph
 12 Mordor orcs
  6 Uruk-hai
  3 rock piercers
  4 rock moles
  3 ponies
  3 fog clouds
  2 yellow lights
  a shrieker
  2 violet fungi
 21 gnome leaders
  6 gnomish wizards
  2 kobold mummies
  a barrow wight
  7 elf zombies
  a ghoul
  3 straw golems
  2 paper golems
  2 giant ants
  6 floating eyes
  2 kittens
 20 dwarves
  5 homunculi
 32 hill orcs
  5 rothes
  3 rabid rats
  3 centipedes
  3 giant bats
  a monkey
  4 dwarf zombies
  3 wererats
  2 werejackals
  9 iguanas
 an acid blob
  4 coyotes
  2 gas spores
 10 hobbits
  2 manes
  a large kobold
  5 hobgoblins
  5 giant rats
  4 cave spiders
  2 brown molds
  a yellow mold
  2 green molds
 59 gnomes
  5 garter snakes
  3 gnome zombies
  6 geckos
  9 jackals
  a fox
  4 kobolds
  4 goblins
  4 sewer rats
  4 grid bugs
  a bat
  8 lichens
  2 kobold zombies
  5 newts
479 creatures vanquished.

No species were genocided or became extinct.

Game over:
                       ----------
                      /          \
                     /    REST    \
                    /      IN      \
                   /     PEACE      \
                  /                  \
                  |      Barrb       |
                  |     2345 Au      |
                  |   killed by an   |
                  |    Elvenking     |
                  |                  |
                  |                  |
                  |       2026       |
                 *|     *  *  *      | *
        _________)/\\_//(\/(/\)/\//\/|_)_______

Goodbye Barrb the Barbarian...

You died in Sokoban on dungeon level 6 with 42783 points,
and 2345 pieces of gold, after 18722 moves.
You were level 11 with a maximum of 109 hit points when you died.

